 Dungeon Crawl Stone Soup version 0.31-a0-1278-g11c5b68f87 (webtiles) character file.

Game seed: 9430093437655502262

288 Sabo the Trooper (level 6, -11/39 HPs)
             Began as a Gargoyle Monk on Dec 17, 2023.
             Mangled by an ogre
             ... wielding a +0 giant spiked club
              (20 damage)
             ... on level 4 of the Dungeon.
             The game lasted 00:16:04 (2390 turns).

Sabo the Trooper (Gargoyle Monk)                    Turns: 2390, Time: 00:16:05

Health: -11/39     AC: 13    Str: 23    XL:     6   Next: 31%
Magic:  6/6        EV:  9    Int: 10    God:
Gold:   93         SH:  0    Dex: 12    Spells: 5/5 levels left

rFire   . . .        p - +2 scythe (protect)
rCold   . . .        (shield currently unavailable)
rNeg    + . .        j - +0 chain mail
rPois   ∞            (no helmet)
rElec   +            e - scarf {shadows}
rCorr   .            (no gloves)
SInv    +            (no boots)
Will    .....        g - amulet of regeneration Stlth
                     l - ring of see invisible
HPRegen 1.06/turn    i - +6 ring of strength
MPRegen 0.10/turn

%: no passive effects
@: confused, ambrosia-drunk
A: sickness immunity, AC +4, negative energy resistance 1, electricity
resistance, torment resistance 1, petrification resistance
a: no special abilities


You were on level 4 of the Dungeon.
You visited 1 branch of the dungeon, and saw 4 of its levels.

You collected 93 gold pieces.

Inventory:

Hand Weapons
 a - a +0 hand axe
 b - a +2 short sword of venom
 p - a +2 scythe of protection (weapon)
Missiles
 y - 5 poisoned darts
Armour
 d - an orb of light
 e - a scarf of shadows (worn)
 j - a +0 chain mail (worn)
Jewellery
 g - an amulet of regeneration (around neck)
 i - a +6 ring of strength (right hand)
 l - a ring of see invisible (left hand)
Talismans
 t - a serpent talisman
 w - a talisman of death
Wands
 o - a wand of flame (12)
Scrolls
 h - a scroll of fog
 m - a scroll of revelation
 s - a scroll of poison
 v - 2 scrolls of teleportation
Potions
 f - a potion of berserk rage {unknown}
 k - a potion of haste {unknown}
 n - a potion of magic {unknown}
 q - a potion of enlightenment {unknown}
 r - a potion of might {unknown}
 u - a potion of lignification {unknown}
 x - a potion of heal wounds {unknown}


   Skills:
 + Level 4.4 Fighting
 + Level 1.8 Short Blades
 + Level 4.0(4.1) Axes
 + Level 1.3(2.9) Polearms
 + Level 2.0 Armour
 + Level 3.0 Dodging
 * Level 0.1 Shapeshifting


You had 5 spell levels left.
You didn't know any spells.
Your spell library contained the following spells:

 Spells                   Type           Power      Damage    Failure   Level
 Lesser Beckoning         Tloc           0%         N/A       98%         2
 Gell's Gravitas          Tloc           0%         N/A       100%        3
 Hailstorm                Conj/Ice       0%         3d5       100%        3
 Teleport Other           Tloc           0%         N/A       100%        3
 Summon Ice Beast         Ice/Summ       0%         N/A       100%        4
 Simulacrum               Ice/Necr       0%         N/A       100%        6


Dungeon Overview and Level Annotations

Branches:
Dungeon (4/15)
 Temple: D:4-7

Altars:
Hepliaklqana
Vehumet
Wu Jian
The Shining One


Innate Abilities, Weirdness & Mutations

You are immune to sickness and miasma.
Your stone body is resilient. (AC +4)
You are immune to poison.
You resist negative energy. (rN+)
You are resistant to electric shocks. (rElec)
You are resistant to unholy torment.
You are immune to petrification.


Message History

The gnoll barely misses you. The gnoll hits you with a +0 club.
You slash the gnoll!
The gnoll is severely wounded.
The gnoll hits you with a +0 club.
You puncture the gnoll!
You kill the gnoll!
Things that are here:
a +0 club; a +0 halberd; a gnoll corpse You start resting.
HP restored.
Things that are here:
a +0 club; a +0 halberd; a gnoll corpse
Things that are here:
a +0 club; a gnoll corpse
Things that are here:
a +0 club; a +0 halberd; a gnoll corpse
Things that are here:
a +0 club; a +0 halberd; a gnoll corpse You see here a +0 whip.
You see here a +0 dagger.
There is a stone staircase leading down here.
You climb downwards.
The ogre shouts!
There is a stone staircase leading up here.
You puncture the ogre!
Your weapon exudes an aura of protection.
The ogre is moderately wounded.
The ogre hits you with a +0 giant spiked club!
You barely miss the ogre.
The ogre is moderately wounded.
The ogre hits you with a +0 giant spiked club!
You barely miss the ogre.
The ogre is moderately wounded.
The ogre hits you with a +0 giant spiked club!
* * * LOW HITPOINT WARNING * * *
You are confused.
You feel invigorated.
The ogre hits you with a +0 giant spiked club!!
Ouch! That really hurt!
You die...

#. #. #.
##.
##..## ##
#.#.O##.#
##.#@#.#
#....<#
#.##.## #
###


You could see an ogre.

Vanquished Creatures
  Sigmund (D:2)
  2 adders (D:2)
  5 gnolls
  A worm (D:3)
  2 dart slugs
  An orc (D:3)
  4 ball pythons
  3 endoplasms (D:1)
  2 giant cockroaches
  5 goblins
  7 hobgoblins
  7 jackals
  A quokka (D:2)
  A bat (D:3)
  3 frilled lizards
  5 kobolds
  5 rats
55 creatures vanquished.

Notes
Turn   | Place    | Note
-------+----------+-------------------------------------------
     0 | D:1      | Sabo the Gargoyle Monk began the quest for the Orb.
     0 | D:1      | Reached XP level 1. HP: 14/14 MP: 1/1
   193 | D:1      | Reached XP level 2. HP: 18/19 MP: 2/2
   431 | D:1      | Reached XP level 3. HP: 22/24 MP: 3/3
   662 | D:1      | Found a faded altar of an unknown god.
   772 | D:2      | Noticed Sigmund
   790 | D:2      | Killed Sigmund
   791 | D:2      | Reached skill level 1 in Short Blades
   791 | D:2      | Reached skill level 1 in Armour
   791 | D:2      | Reached XP level 4. HP: 24/30 MP: 4/4
   791 | D:2      | Reached XP level 5. HP: 28/34 MP: 5/5
   947 | D:2      | Reached XP level 6. HP: 39/39 MP: 6/6
  1601 | D:3      | Found an ornate altar of the Wu Jian Council.
  1603 | D:3      | Found a glowing golden altar of the Shining One.
  1604 | D:3      | Found a hazy altar of Hepliaklqana.
  1604 | D:3      | Found a radiant altar of Vehumet.
  2286 | D:3      | Reached skill level 1 in Polearms
  2390 | D:4      | Mangled by an ogre

Illustrated notes

Levels and vault maps discovered:
D:1:      scummos_arrival_simple_crosswalls, layout_rooms,
          shapermc_ecumenical_altar_petra
D:2:      layout_loops_ring, minmay_fractal_squares_gapless_5, uniq_sigmund
D:3:      layout_loops_ring, grunt_temple_overflow_open
D:4:      layout_loops_cross, gammafunk_ghost_split,
          chequers_serial_rivers_room_b

Skill      XL: |  1  2  3  4  5  6 |
---------------+-------------------+-----
Axes           | 3 4 |  4.0
Fighting       | 4 |  4.4
Short Blades   | 1 |  1.8
Armour         | 1 2 |  2.0
Dodging        | 3 |  3.0
Polearms       | 1 |  1.3
Shapeshifting  | |  0.1

Action                     |  1- 3 |  4- 6 || total
---------------------------+-------+-------++-------
  Melee: Hand axe          |    19 |       ||    19
         Short sword       |    44 |       ||    44
         Halberd           |       |    93 ||    93
    Use: Scroll            |     1 |     4 ||     5
         Potion            |       |     1 ||     1
 Armour: Robe              |     4 |       ||     4
         Chain mail        |    31 |   115 ||   146
         Ring mail         |     1 |       ||     1
  Dodge: Dodged            |    31 |    57 ||    88
         Form:             |       |     1 ||     1
         Death             |       |     1 ||     1

Table legend: (Time is in decaauts)
 A = Elapsed time spent in this place.
 B = Non-inter-level travel time spent in this place.
 C = Inter-level travel time spent in this place.
 D = Time resting spent in this place.
 E = Time spent auto-exploring this place.
 F = Levels seen in this place.
 G = Mean time per level.
                   A        B        C        D        E       F      G
               +--------+--------+--------+--------+--------+-----+--------+
         Total |   2424 |   2424 |      0 |    169 |      0 |   4 |  606.0 |
       Dungeon |   2424 |   2424 |      0 |    169 |      0 |   4 |  606.0 |
               +--------+--------+--------+--------+--------+-----+--------+

Top non-repeatable levels by time:
     D:2: 898 daAuts
     D:3: 818 daAuts
     D:1: 698 daAuts
     D:4: 8 daAuts
